 Dungeon Crawl Stone Soup version 0.27.0-1-g7a089689b8 (webtiles) character file.

Game seed: 4465666449498284029

6281 shadowrider38 the Basher (level 10, 0/83 HPs)
             Began as a Demigod Earth Elementalist on Aug 11, 2021.
             Slain by a six-headed hydra (10 damage)
             ... on level 1 of the Lair of Beasts.
             The game lasted 01:05:54 (18656 turns).

shadowrider38 the Basher (DgEE)                    Turns: 18656, Time: 01:05:55

Health: 0/83       AC: 12    Str: 17    XL:     10   Next: 37%
Magic:  3/23       EV: 12    Int: 21    God:
Gold:   265        SH:  0    Dex: 14    Spells: 8/21 levels left

rFire    . . .     SeeInvis .   a - +2 demon whip (freeze)
rCold    . . .     Faith    .   (no shield)
rNeg     . . .     Spirit   .   b - +0 robe
rPois    +         Reflect  .   (no helmet)
rElec    .         Harm     .   (no cloak)
rCorr    .         Rampage  .   u - +2 pair of gloves
Will     +....                  g - +2 pair of boots
Stlth    ++........             (no amulet)
HPRegen  0.23/turn              C - ring of poison resistance
MPRegen  0.18/turn              G - +4 ring of protection

@: no status effects
A: high mp 1, forlorn
a: no special abilities


You were on level 1 of the Lair of Beasts.
You visited 3 branches of the dungeon, and saw 12 of its levels.

You collected 643 gold pieces.
You spent 378 gold pieces at shops.

Inventory:

Hand Weapons
 a - a +2 demon whip of freezing (weapon)
 s - a +1 whip of freezing
 D - a +3 vorpal flail
Missiles
 c - 40 stones
 e - 51 poisoned darts (quivered)
 l - 13 boomerangs
Armour
 b - a +0 robe (worn)
 g - a +2 pair of boots (worn)
 u - a +2 pair of gloves (worn)
Jewellery
 C - a ring of poison resistance (left hand)
 F - a ring of fire
 G - a +4 ring of protection (right hand)
Wands
 v - a wand of acid (12)
 x - a wand of iceblast (2)
 B - a wand of digging (8)
 I - a wand of paralysis (4)
 L - a wand of flame (7)
Scrolls
 d - a scroll of enchant weapon {unknown}
 f - a scroll of immolation {unknown}
 h - a scroll of blinking
 k - 3 scrolls of amnesia
 o - a scroll of magic mapping {unknown}
 p - a scroll of fog {unknown}
 w - a scroll of summoning {unknown}
 y - a scroll of noise {unknown}
 A - a scroll of torment {unknown}
 H - a scroll of identify
 K - a scroll of teleportation {unknown}
Potions
 i - a potion of berserk rage
 j - 2 potions of brilliance
 m - 5 potions of curing {unknown}
 n - a potion of magic
 q - 3 potions of haste {unknown}
 r - a potion of heal wounds
 t - 2 potions of invisibility {unknown}
 z - a potion of mutation {unknown}
 E - 2 potions of cancellation {unknown}


   Skills:
 - Level 6.2 Fighting
 - Level 8.4 Maces & Flails
 - Level 1.7 Dodging
 - Level 1.7 Stealth
 + Level 6.3 Spellcasting
 - Level 4.4 Transmutations
 + Level 7.2 Earth Magic


You had 8 spell levels left.
You knew the following spells:

 Your Spells              Type           Power      Damage    Failure   Level
a - Sandblast             Erth           74%        2d16      1%          1
b - Stone Arrow           Conj/Erth      42%        3d9       6%          3
c - Petrify               Tmut/Erth      31%        N/A       9%          4
d - Lee's Rapid Deconstr  Erth           18%        3d12*     13%         5

Your spell library contained the following spells:

 Spells                   Type           Power      Damage    Failure   Level
 Passwall                 Tmut/Erth      25%        N/A       1%          2
 Animate Skeleton         Necr           12%        N/A       10%         1
 Pain                     Necr           24%        1d5       10%         1
 Ignite Poison            Fire/Tmut/Pois 12%        N/A       16%         3
 Leda's Liquefaction      Hex/Erth       10%        N/A       22%         4
 Mephitic Cloud           Conj/Pois/Air  6%         N/A       28%         3
 Vampiric Draining        Necr           3%         2d6       28%         3
 Cause Fear               Hex            3%         N/A       67%         4
 Bolt of Magma            Conj/Fire/Erth 8%         4d6       67%         5
 Statue Form              Tmut/Erth      20%        N/A       78%         6
 Dragon Form              Tmut           12%        N/A       100%        7
 Dragon's Call            Summ           3%         N/A       100%        9


Dungeon Overview and Level Annotations

Branches:
Dungeon (9/15)             Temple (1/1) D:7            Lair (2/6) D:8
  Swamp: Lair:2-4    Shoals: Lair:2-4     Snake: Lair:2-4    Spider: Lair:2-4
    Orc: D:9-12

Shops:
D:1 (

Annotations:
D:8 1 runed translucent door


Innate Abilities, Weirdness & Mutations

Your attributes grow dramatically as you level up.
You have an increased reservoir of magic. (+10% MP)
You shall have no god before yourself.


Message History

Press: ? - help, Shift-Dir - straight line, f - six-headed hydra
Aim: a six-headed hydra (moderately wounded, 90% to hit)
The bolt of acid hits the six-headed hydra!
The six-headed hydra is splashed with acid.
The acid corrodes the six-headed hydra!
The six-headed hydra is heavily wounded.
The six-headed hydra bites you but does no damage. x2
The six-headed hydra bites you! x3
The six-headed hydra bites you but does no damage.
Casting: Lee's Rapid Deconstruction (dangerous; 13% risk of failure)
Confirm with . or Enter, or press ? or * to list all spells.
Okay, then.
Aiming: Paralyse
Press: ? - help, Shift-Dir - straight line, f/p - six-headed hydra
Aim: a six-headed hydra (heavily wounded, covered in acid, chance to affect: 15%)
Okay, then.
Casting: Lee's Rapid Deconstruction (dangerous; 13% risk of failure)
Confirm with . or Enter, or press ? or * to list all spells.
Okay, then.
Okay, then.
Evoke which item? (* to show all) (? for menu, Esc to quit)
Okay, then.
Unknown command.
Aiming: Corrosive Bolt
Press: ? - help, Shift-Dir - straight line, f/p - six-headed hydra
Aim: a six-headed hydra (heavily wounded, covered in acid, 90% to hit)
The bolt of acid hits the six-headed hydra!
The six-headed hydra is splashed with acid.
The six-headed hydra seems to be corroded for longer.
The six-headed hydra is severely wounded.
The six-headed hydra bites you!
* * * LOW HITPOINT WARNING * * *
The six-headed hydra bites you!
* * * LOW HITPOINT WARNING * * *
The six-headed hydra bites you.
* * * LOW HITPOINT WARNING * * *
The six-headed hydra bites you.
* * * LOW HITPOINT WARNING * * *
The six-headed hydra bites you!
You die...

#............###
#....#####......####
#...# ###........ .⌠..
##.##.....>. ... #..
#####... #. #.# ### #..#
####.###.####..
###.#####.........#####
#.....@D............###
)..#..##.#........#....'
#..$ #.#........#####.
...# #..........# ## .#
###........# #
#........# # #.#########
##


You could see a six-headed hydra (corroded).

Vanquished Creatures
  Pikel (D:3)
  A black mamba (Lair:1)
  2 cane toads (Lair:1)
  A komodo dragon (D:8)
  A troll (D:8)
  Sigmund (D:2)
  3 yaks
  A basilisk (Lair:2)
  Eustachio (D:5)
  Menkaure (D:5)
  Edmund (D:5)
  4 water moccasins
  An orc warrior (D:7)
  A black bear (D:6)
  3 necrophages
  3 centaurs (D:8)
  2 wolves
  A phantom (D:4)
  A kobold brigand (D:6)
  A wyvern zombie (D:5)
  A scorpion (D:6)
  2 bullfrogs
  A gnoll sergeant (D:7)
  A wyvern skeleton (D:6)
  10 killer bees
  4 wights
  3 electric eels (D:8)
  A howler monkey (D:6)
  7 hounds
  3 orc priests
  A bullfrog skeleton (D:5)
  2 iguanas (D:5)
  Ijyb (D:5)
  6 orc wizards
  A howler monkey zombie (D:8)
  3 gnolls
  9 adders
  3 white imps
  An ufetubus (D:5)
  2 worms (D:2)
  2 dart slugs
  15 orcs
  3 ball pythons
  9 endoplasms
  5 giant cockroaches
  8 hobgoblins
  24 jackals
  7 kobolds
  3 quokkas
  6 bats
  2 frilled lizards (D:1)
  11 goblins
  5 rats
193 creatures vanquished.

Vanquished Creatures (others)
  An orc (D:7)
  6 fungi
  38 plants
45 creatures vanquished.

Grand Total: 238 creatures vanquished

Notes
Turn   | Place    | Note
-------+----------+-------------------------------------------
     0 | D:1      | shadowrider38 the Demigod Earth Elementalist began the
                  | quest for the Orb.
     0 | D:1      | Reached XP level 1. HP: 14/14 MP: 5/5
    91 | D:1      | Reached skill level 1 in Transmutations
   449 | D:1      | Reached XP level 2. HP: 20/20 MP: 4/7
   502 | D:1      | Found Juck's Antique Weapon Emporium.
  1485 | D:2      | Reached XP level 3. HP: 26/26 MP: 7/9
  2629 | D:1      | Learned a level 3 spell: Stone Arrow
  2769 | D:2      | Reached XP level 4. HP: 11/33 MP: 10/10
  3120 | D:2      | Noticed Sigmund
  3597 | D:2      | Killed Sigmund
  3598 | D:2      | Reached XP level 5. HP: 27/38 MP: 2/12
  5001 | D:4      | Noticed Pikel
  5133 | D:3      | Killed Pikel
  5134 | D:3      | Reached skill level 5 in Earth Magic
  5134 | D:3      | Reached XP level 6. HP: 18/45 MP: 2/15
  5134 | D:3      | Reached XP level 7. HP: 20/50 MP: 2/16
  5398 | D:4      | Reached skill level 1 in Maces & Flails
  6058 | D:5      | Entered Level 5 of the Dungeon
  6058 | D:5      | Noticed Edmund
  6113 | D:5      | Reached skill level 2 in Maces & Flails
  6189 | D:5      | Learned a level 4 spell: Petrify
  6204 | D:5      | Noticed Eustachio
  6227 | D:5      | Killed Eustachio
  6228 | D:5      | Reached skill level 3 in Maces & Flails
  6872 | D:5      | Noticed Menkaure
  6905 | D:5      | Killed Edmund
  6906 | D:5      | Reached skill level 4 in Maces & Flails
  6906 | D:5      | Reached XP level 8. HP: 57/57 MP: 3/17
  7028 | D:5      | Killed Menkaure
  7029 | D:5      | Reached skill level 5 in Maces & Flails
  7513 | D:5      | Noticed Ijyb
  7521 | D:5      | Killed Ijyb
  8009 | D:5      | Reached skill level 6 in Maces & Flails
  8697 | D:6      | Reached skill level 7 in Maces & Flails
 10417 | D:7      | Reached skill level 8 in Maces & Flails
 10428 | D:7      | Reached XP level 9. HP: 43/62 MP: 1/19
 10654 | D:1      | Bought a runed demon whip for 378 gold pieces
 11418 | D:7      | You fall into a shaft and drop 2 floors!
 11439 | D:8      | Reached skill level 1 in Fighting
 11625 | D:7      | Found a staircase to the Ecumenical Temple.
 13139 | Temple   | Entered the Ecumenical Temple
 13587 | D:8      | Reached skill level 5 in Fighting
 14247 | D:8      | Found a staircase to the Lair.
 16796 | D:8      | Noticed a yaktaur
 16796 | D:8      | Noticed a centaur warrior
 16805 | D:8      | Learned a level 5 spell: Lee's Rapid Deconstruction
 16806 | D:8      | Found a runed translucent door.
 16808 | D:8      | Noticed a cyclops
 16808 | D:8      | Noticed a white ugly thing
 16808 | D:8      | Noticed a centaur warrior
 16808 | D:8      | Noticed a cyclops
 16808 | D:8      | Identified the ring of the Sparrow {Drain rF+ Str+3 Dex+6}
 16808 | D:8      | Noticed a centaur warrior
 16849 | Lair:1   | Entered Level 1 of the Lair of Beasts
 16877 | Lair:1   | Noticed a cane toad
 16897 | Lair:1   | Killed a cane toad
 16898 | Lair:1   | Reached skill level 5 in Spellcasting
 17002 | D:8      | Reached XP level 10. HP: 47/83 MP: 15/21
 17184 | Lair:1   | Noticed a black mamba
 17205 | Lair:1   | Killed a black mamba
 17384 | Lair:1   | You fall into a shaft and drop 1 floor!
 17386 | Lair:2   | Noticed a six-headed hydra
 18628 | Lair:1   | Noticed a six-headed hydra
 18656 | Lair:1   | Slain by a six-headed hydra

Illustrated notes

Levels and vault maps discovered:
D:1:      lightli_arrival_quake, layout_basic, serial_shops, shop,
          ebering_dispersal_statue_hall
D:2:      layout_basic, shapermc_ecumenical_altar_venn, corexii_hall_statues_l,
          uniq_sigmund
D:3:      layout_basic
D:4:      layout_rooms, fedhas_altar_4, mainiacjoe_overflow_boulevard,
          uniq_pikel
D:5:      layout_basic, uniq_menkaure, uniq_edmund, uniq_eustachio, uniq_ijyb
D:6:      layout_loops_ring
D:7:      layout_basic, mainiacjoe_overflow_cross_hatched,
          minmay_temple_entry_ruins, lemuel_flamethrower_2
D:8:      minmay_gate_of_8, layout_cave_pools, erik_lair_island,
          kennysheep_path_1
D:9:      layout_gridville, orc_david_3
Temple:   regret_index_temple_mists
Lair:1:   layout_roguey, infiniplex_staircase_pool, grunt_megastairs_4
Lair:2:   layout_loops_ring, guppyfry_snake_entry_island

Skill      XL: |  1  2  3  4  5  6  7  8  9 10 |
---------------+-------------------------------+-----
Transmutations | 1 2 3 4 |  4.4
Spellcasting   | 2 3 4 5 6 |  6.3
Earth Magic    | 3 4 5 6 7 |  7.2
Maces & Flails | 4 8 |  8.4
Fighting       | 6 |  6.2
Dodging        | |  1.7
Stealth        | |  1.7

Action                   |  1- 3 |  4- 6 |  7- 9 | 10-12 || total
-------------------------+-------+-------+-------+-------++-------
Melee: Unarmed           |    11 |       |       |       ||    11
       Trident           |    66 |   100 |       |       ||   166
       Whip              |       |       |    79 |       ||    79
       Flail             |       |       |    84 |       ||    84
       Demon whip        |       |       |   201 |    28 ||   229
Throw: Dart              |       |       |    97 |    17 ||   114
 Cast: Sandblast         |    54 |     6 |    60 |    16 ||   136
       Stone Arrow       |       |     6 |    42 |    10 ||    58
       Petrify           |       |       |    11 |     4 ||    15
       Lee's Rapid Decon |       |       |       |     5 ||     5
Evoke: Wand              |       |       |     2 |     2 ||     4
  Use: Scroll            |       |     7 |     4 |     4 ||    15
       Potion            |       |     1 |       |       ||     1
 Stab: Sleeping          |     1 |     1 |     2 |       ||     4
       Petrified         |       |       |    24 |       ||    24
       Petrifying        |       |       |     1 |       ||     1
Armor: Robe              |    29 |    31 |   121 |    24 ||   205
       Skin              |       |   143 |       |       ||   143
Dodge: Dodged            |    85 |   105 |   244 |    36 ||   470
Block: Buckler           |       |       |    36 |       ||    36
